[Event "Titled Tuesday Blitz January 04 2022"]
[White "Svane, Rasmus"]
[Black "Harshavardhan G B"]
[WhiteFideId "4657101"]
[BlackFideId "25059009"]
[WhiteElo "2645"]
[BlackElo "1831"]
[Result "0-1"]
[Round "03"]
[TimeControl "180+1"]
[Date "2022.01.04"]
[WhiteClock "0:00:07"]
[BlackClock "0:01:17"]

1. Nf3 Nf6 2. g3 g6 3. Bg2 Bg7 4. O-O O-O 5. d4 d6 6. Re1 Nbd7 7. e4 e5 8. Nc3 Re8 9. a4 a5 10. Be3 b6 11. dxe5 dxe5 12. Nd2 Bb7 13. Nc4 Nf8 14. Nd5 Nxd5 15. exd5 Qd7 16. d6 Bxg2 17. Nxb6 cxb6 18. Kxg2 Red8 19. Bg5 f6 20. Be3 Qc6+ 21. Kg1 Rxd6 22. Qe2 Rad8 23. c3 Ne6 24. Rad1 f5 25. Rxd6 Rxd6 26. Rd1 f4 27. Rxd6 Qxd6 28. Bd2 f3 29. Qe3 e4 30. Qxe4 Nc5 31. Qe3 Qd3 32. Qe1 Qe2 33. Qxe2 fxe2 34. f3 Nxa4 35. Kf2 Nxb2 36. Kxe2 b5 37. f4 a4 38. Bc1 Bxc3 0-1


[Site "https://www.chess.com"]

[Event "Titled Tuesday Blitz January 04 2022"]
[White "Tasev, Dejan"]
[Black "Seo, Jung Min"]
[WhiteFideId "936618"]
[BlackFideId "1734687"]
[WhiteElo "2253"]
[BlackElo "2401"]
[Result "1/2-1/2"]
[Round "03"]
[TimeControl "180+1"]
[Date "2022.01.04"]
[WhiteClock "0:00:31"]
[BlackClock "0:00:41"]

1. e4 e5 2. Nf3 Nc6 3. Bc4 Bc5 4. d3 Nf6 5. Nc3 d6 6. h3 a6 7. Be3 Bb4 8. Bd2 Be6 9. Bb3 Qd7 10. Qe2 Na5 11. Bxe6 fxe6 12. a3 Bxc3 13. Bxc3 Nc6 14. O-O-O Qe7 15. d4 exd4 16. Nxd4 Nxd4 17. Bxd4 e5 18. Bc3 O-O 19. f3 Nh5 20. Qc4+ Kh8 21. Bd2 a5 22. Be3 b6 23. Rd2 Nf4 24. Bxf4 Rxf4 25. Rhd1 h6 26. Qc6 Rff8 27. Rd3 Rad8 28. Rc3 Rd7 29. Rd2 Rfd8 30. Qd5 Qg5 31. Qd3 Rf7 32. Qe3 Qf6 33. b3 Rdf8 34. Kb2 Qg6 35. a4 Kh7 36. Rc6 Qf6 37. Qc3 Qe7 38. Rd3 g5 39. Qc4 Rg8 40. Rc3 Rgg7 41. Qd5 h5 42. Rxc7 Qxc7 43. Rxc7 Rxc7 44. Qxd6 g4 45. hxg4 hxg4 46. Qxe5 gxf3 47. gxf3 Rc5 48. Qh2+ Kg6 49. Qd6+ Kg5 50. Qxb6 Rgc7 51. c4 Kf4 52. Qf6+ Ke3 53. Kc3 Rd7 54. e5 Rd3+ 55. Kb2 Rd2+ 56. Ka3 Ke2 57. e6 Rd6 58. Qf7 Rxc4 59. bxc4 Rd3+ 60. Kb2 Rd2+ 61. Kb1 Rd1+ 62. Kb2 Rd2+ 63. Kb3 Rd3+ 64. Kc2 Rd2+ 65. Kb3 Rd3+ 66. Ka2 Rd2+ 67. Kb1 Rd1+ 68. Ka2 Rd2+ 69. Ka3 Rd3+ 70. Ka2 Rd2+ 1/2-1/2


[Site "https://www.chess.com"]

[Event "Titled Tuesday Blitz January 04 2022"]
[White "Ten Hertog, Hugo"]
[Black "Altman, Joshua"]
[WhiteFideId "1026356"]
[BlackFideId "426210"]
[WhiteElo "2493"]
[BlackElo "1945"]
[Result "1-0"]
[Round "03"]
[TimeControl "180+1"]
[Date "2022.01.04"]
[WhiteClock "0:00:09"]
[BlackClock "0:00:05"]

1. e4 e6 2. d3 d5 3. Nd2 Nf6 4. g3 Be7 5. Bg2 c5 6. Ne2 Nc6 7. O-O Qc7 8. Re1 b6 9. exd5 exd5 10. Nf4 O-O 11. Nxd5 Nxd5 12. Bxd5 Bb7 13. Nc4 Nd4 14. Bf4 Qc8 15. Ne3 Qd7 16. c4 Rfe8 17. Be5 Bf8 18. Bxb7 Qxb7 19. Bxd4 cxd4 20. Nd5 b5 21. Qf3 Qd7 22. b3 bxc4 23. bxc4 Rab8 24. Kg2 Rb2 25. Rxe8 Qxe8 26. a4 a5 27. h4 h6 28. h5 Qe5 29. Rh1 Ra2 30. Rh4 Rxa4 31. Re4 Qb8 32. Qg4 Qd8 33. Qe2 Ra3 34. Re8 Qd6 35. Ne7+ Kh7 36. Qe4+ g6 37. Rxf8 f5 38. hxg6+ Kg7 39. Rf7+ Kh8 40. Rh7# 1-0


[Site "https://www.chess.com"]

[Event "Titled Tuesday Blitz January 04 2022"]
[White "Thavandiran, Shiyam"]
[Black "Tsyhanchuk, Stanislav"]
[WhiteFideId "2605058"]
[BlackFideId "13505130"]
[WhiteElo "2357"]
[BlackElo "2078"]
[Result "1-0"]
[Round "03"]
[TimeControl "180+1"]
[Date "2022.01.04"]
[WhiteClock "0:00:05"]
[BlackClock "0:00:01"]

1. e4 e6 2. d4 d5 3. exd5 exd5 4. Nf3 Bd6 5. Bd3 Ne7 6. O-O Bf5 7. Bxf5 Nxf5 8. Qd3 Ne7 9. Qb5+ c6 10. Qxb7 Nd7 11. Qb3 O-O 12. Qd3 Ng6 13. Nc3 f5 14. Bd2 Nf6 15. Qxf5 Kh8 16. Qh3 Nf4 17. Bxf4 Bxf4 18. Rae1 Rb8 19. b3 Qa5 20. Na4 Ne4 21. Re2 Rbe8 22. Rfe1 Ng5 23. Rxe8 Nxh3+ 24. gxh3 Kg8 25. Nc5 Rxe8 26. Rxe8+ Kf7 27. Re2 Qc3 28. Kg2 g5 29. Ne6 Kf6 30. a4 Bc1 31. Nd8 c5 32. Re6+ Kf5 33. Rc6 c4 34. Nf7 Qxc2 35. bxc4 dxc4 36. Rxc4 Qb1 37. Rc6 Ke4 38. Re6+ Kd5 39. Rd6+ Ke4 40. Re6+ Kd5 41. Re5+ Kc4 42. Rc5+ Kd3 43. N7e5+ Ke4 44. d5 Bf4 45. Rc4+ Kf5 46. Ng4 1-0


[Site "https://www.chess.com"]

[Event "Titled Tuesday Blitz January 04 2022"]
[White "Timofeev, Artyom"]
[Black "Sowa, Ryan"]
[WhiteFideId "4140419"]
[BlackFideId "30901693"]
[WhiteElo "2583"]
[BlackElo "2656"]
[Result "1-0"]
[Round "03"]
[TimeControl "180+1"]
[Date "2022.01.04"]
[WhiteClock "0:00:41"]
[BlackClock "0:00:20"]

1. d4 Nf6 2. Nf3 g6 3. Nbd2 d5 4. b4 Bg7 5. Bb2 O-O 6. e3 b6 7. c4 Bb7 8. Be2 dxc4 9. Nxc4 Nbd7 10. O-O Ne4 11. Qc2 e6 12. Rfd1 Qe7 13. b5 Rfc8 14. a4 c5 15. dxc5 Ndxc5 16. Bxg7 Kxg7 17. a5 Bd5 18. Nfe5 Bxc4 19. Nxc4 Rab8 20. Bf3 Nf6 21. axb6 axb6 22. Bc6 Rd8 23. Rdb1 Kg8 24. h3 Ne8 25. Rc1 Nf6 26. Rd1 Rxd1+ 27. Rxd1 Rd8 28. Ra1 Nd5 29. Bxd5 exd5 30. Nxb6 Qf6 31. Rc1 Qxb6 32. Qxc5 Qxc5 33. Rxc5 Kf8 34. Kf1 Ke7 35. Ke2 Kd6 36. Rc6+ Kd7 37. Rc1 Rb8 38. Rb1 Kd6 39. Kd3 Kc5 40. g4 f6 41. h4 h6 42. Rc1+ Kd6 43. Rc6+ Kd7 44. Rxf6 1-0


[Site "https://www.chess.com"]

[Event "Titled Tuesday Blitz January 04 2022"]
[White "Tristan, Leonardo"]
[Black "Maghsoodloo, Parham"]
[WhiteFideId "113816"]
[BlackFideId "12539929"]
[WhiteElo "2404"]
[BlackElo "2630"]
[Result "0-1"]
[Round "03"]
[TimeControl "180+1"]
[Date "2022.01.04"]
[WhiteClock "0:00:03"]
[BlackClock "0:01:14"]

1. d4 Nf6 2. Nf3 d5 3. Bf4 c5 4. e3 Nc6 5. Nbd2 cxd4 6. exd4 Qb6 7. Nb3 Bf5 8. a4 a6 9. a5 Qd8 10. Bd3 Bxd3 11. Qxd3 e6 12. O-O Be7 13. c3 O-O 14. Rfe1 Re8 15. Ne5 Nd7 16. Nxc6 bxc6 17. Nd2 c5 18. dxc5 Nxc5 19. Qg3 Bf6 20. Be5 Rc8 21. b4 Nd7 22. Bxf6 Nxf6 23. Qd3 Rc6 24. Nb3 Qc8 25. Nc5 Nd7 26. Nxd7 Qxd7 27. b5 axb5 28. Qxb5 Ra8 29. Reb1 Qc8 30. a6 h5 31. a7 Rxc3 32. Qb8 Kh7 33. h3 Rc7 34. Kh2 d4 35. Qb6 Rd7 36. Rb5 g6 37. Rc5 Qb7 38. Qa5 Kg7 39. Rb5 Qxa7 0-1


[Site "https://www.chess.com"]

[Event "Titled Tuesday Blitz January 04 2022"]
[White "Tsydypov, Zhamsaran"]
[Black "Shkapenko, Pavel"]
[WhiteFideId "4108566"]
[BlackFideId "4151933"]
[WhiteElo "2614"]
[BlackElo "2386"]
[Result "1-0"]
[Round "03"]
[TimeControl "180+1"]
[Date "2022.01.04"]
[WhiteClock "0:00:51"]
[BlackClock "0:00:06"]

1. d4 Nf6 2. Nf3 e6 3. c4 Bb4+ 4. Bd2 Qe7 5. g3 Nc6 6. Bg2 Bxd2+ 7. Qxd2 Ne4 8. Qc2 Qb4+ 9. Nc3 Nxc3 10. Qxc3 Qxc3+ 11. bxc3 Na5 12. c5 Rb8 13. e4 b6 14. cxb6 cxb6 15. Nd2 Ba6 16. f4 Rc8 17. Rc1 Rc7 18. d5 Ke7 19. e5 exd5 20. Bxd5 Rhc8 21. Ne4 Bb7 22. Bxb7 Nxb7 23. Kd2 d6 24. Rhe1 dxe5 25. fxe5 Rd8+ 26. Kc2 Rd5 27. Ng5 h6 28. Nf3 Nd8 29. Rcd1 Rxd1 30. Rxd1 Ne6 31. Rd5 Rc5 32. Rxc5 Nxc5 33. Nd4 a5 34. Kd2 Nd7 35. Nf5+ Kf8 36. Ke3 Nxe5 37. Kd4 Nf3+ 38. Kd5 g6 39. Ne3 Nxh2 40. Kc6 h5 41. Kxb6 f5 42. c4 h4 43. c5 Nf3 44. c6 Ne5 45. c7 Nd7+ 46. Ka7 1-0


[Site "https://www.chess.com"]

[Event "Titled Tuesday Blitz January 04 2022"]
[White "Vokhidov, Shamsiddin"]
[Black "Kim, Sergey"]
[WhiteFideId "14204223"]
[BlackFideId "13700570"]
[WhiteElo "2611"]
[BlackElo "2606"]
[Result "1-0"]
[Round "03"]
[TimeControl "180+1"]
[Date "2022.01.04"]
[WhiteClock "0:00:24"]
[BlackClock "0:00:01"]

1. e4 e5 2. Nf3 Nc6 3. Nc3 Nf6 4. Be2 g6 5. d4 exd4 6. Nxd4 d6 7. Bg5 h6 8. Bh4 Bg7 9. Nxc6 bxc6 10. e5 dxe5 11. Qxd8+ Kxd8 12. O-O-O+ Ke7 13. Bf3 Be6 14. Bxc6 Rad8 15. f3 Rd6 16. Rxd6 cxd6 17. Rd1 g5 18. Bf2 Rc8 19. Nd5+ Nxd5 20. Bxd5 Bxd5 21. Rxd5 a6 22. c3 Ke6 23. Ra5 Rc6 24. Kc2 d5 25. Bc5 Bf6 26. b4 Bd8 27. Ra3 f5 28. Rb3 Bb6 29. Bxb6 Rxb6 30. a4 Kd6 31. Kd3 e4+ 32. Kd4 Rc6 33. b5 Rc4+ 34. Ke3 f4+ 35. Kd2 e3+ 36. Kd3 Rxa4 37. b6 Ra2 38. c4 Kc5 39. cxd5 Rd2+ 40. Kc3 Rd1 41. Rb2 e2 42. Rxe2 Kxb6 43. Kc4 Rc1+ 44. Kd4 Rd1+ 45. Ke5 a5 46. Ke6 a4 47. d6 a3 48. d7 Kc7 49. Rc2+ Kb7 50. g3 Re1+ 51. Kf6 Rd1 52. gxf4 Rxd7 53. f5 Rd3 54. Kg7 Rxf3 55. f6 g4 56. f7 Kb6 57. Rc3 1-0


[Site "https://www.chess.com"]

[Event "Titled Tuesday Blitz January 04 2022"]
[White "Weetik, Vjacheslav"]
[Black "Onyshchuk, Volodymyr"]
[WhiteFideId "4153472"]
[BlackFideId "14114038"]
[WhiteElo "2469"]
[BlackElo "2642"]
[Result "1-0"]
[Round "03"]
[TimeControl "180+1"]
[Date "2022.01.04"]
[WhiteClock "0:00:07"]
[BlackClock "0:00:20"]

1. e4 g6 2. d4 Bg7 3. Nf3 d6 4. Bc4 e5 5. dxe5 Nc6 6. exd6 cxd6 7. Nc3 Nf6 8. Bf4 O-O 9. O-O Bg4 10. Bxd6 Re8 11. e5 Bxf3 12. Qxf3 Nxe5 13. Bxe5 Rxe5 14. Qxb7 Re7 15. Qf3 Rc8 16. Bb3 h5 17. h3 Qc7 18. Rfe1 Rce8 19. Rxe7 Rxe7 20. Rd1 Kh7 21. g3 Qe5 22. Kg2 h4 23. g4 Bh6 24. Nd5 Nxd5 25. Rxd5 Qxb2 26. g5 Bg7 27. Qf4 Bf8 28. Rd8 Kg8 29. Qxh4 Qe5 30. Qg3 Qe4+ 31. Qf3 Qxf3+ 32. Kxf3 Kg7 33. h4 Rc7 34. Ra8 Bc5 35. Kg3 Bb6 36. Re8 Rc3+ 37. Kg2 Rc7 38. f4 Bc5 39. Kf3 Bd6 40. Re3 Kf8 41. Rd3 Bc5 42. Kg4 Bb6 43. f5 gxf5+ 44. Kxf5 Kg7 45. h5 Rc5+ 46. Kg4 Rc7 47. h6+ Kh7 48. Rf3 f5+ 49. Rxf5 Bd4 50. Rf7+ Rxf7 51. Bxf7 Be3 52. Kh5 Kh8 53. g6 1-0


[Site "https://www.chess.com"]

[Event "Titled Tuesday Blitz January 04 2022"]
[White "Xiong, Jeffery"]
[Black "Kucuksari, Kaan"]
[WhiteFideId "2047640"]
[BlackFideId "6380166"]
[WhiteElo "2727"]
[BlackElo "2305"]
[Result "1-0"]
[Round "03"]
[TimeControl "180+1"]
[Date "2022.01.04"]
[WhiteClock "0:00:35"]
[BlackClock "0:00:03"]

1. d4 Nf6 2. c4 g6 3. Nc3 Bg7 4. e4 d6 5. Be2 O-O 6. Be3 c5 7. dxc5 Qa5 8. Bd2 Qxc5 9. Nf3 Be6 10. Be3 Qc6 11. Nd4 Qc8 12. Rc1 Nc6 13. Nxe6 fxe6 14. O-O e5 15. c5 Qd7 16. Qa4 Ng4 17. Qb3+ Kh8 18. Bxg4 Qxg4 19. Qxb7 Nd4 20. Qxe7 dxc5 21. h3 Qh5 22. Qxc5 Rac8 23. Qxa7 Ra8 24. Qd7 Rad8 25. Qg4 Qxg4 26. hxg4 Rb8 27. Rb1 Rf7 28. Rfd1 Rfb7 29. Rd2 Kg8 30. Kf1 Kf7 31. Ne2 Ne6 32. b3 Ra8 33. Rbd1 Ke7 34. Nc3 Nd4 35. Nd5+ Kd6 36. f4 Rf8 37. Kg1 Ne6 38. f5 Nd4 39. Nf4 exf4 40. Bxd4 Bxd4+ 41. Rxd4+ Ke5 42. Kf2 gxf5 43. exf5 Rc7 44. R1d3 Rfc8 45. Kf3 Rc1 46. Re4+ Kf6 47. Kxf4 Rf1+ 48. Rf3 Rc6 49. Rxf1 1-0


[Site "https://www.chess.com"]

[Event "Titled Tuesday Blitz January 04 2022"]
[White "Yanchenko, Roman"]
[Black "Theodorou, Nikolas"]
[WhiteFideId "4137329"]
[BlackFideId "4262875"]
[WhiteElo "2514"]
[BlackElo "2472"]
[Result "0-1"]
[Round "03"]
[TimeControl "180+1"]
[Date "2022.01.04"]
[WhiteClock "0:00:11"]
[BlackClock "0:00:06"]

1. d4 Nf6 2. c4 g6 3. Nf3 Bg7 4. Nc3 O-O 5. Bf4 d6 6. e3 Nc6 7. Be2 Nd7 8. O-O e5 9. Bg3 f5 10. dxe5 dxe5 11. Bh4 Bf6 12. Bxf6 Nxf6 13. Qxd8 Rxd8 14. Rfd1 Be6 15. Ng5 Bf7 16. Nb5 Rxd1+ 17. Rxd1 Rc8 18. Nxf7 Kxf7 19. c5 Ke7 20. a3 Ne4 21. Rc1 a6 22. f3 Nd2 23. Nc3 Rd8 24. b4 e4 25. f4 a5 26. b5 Nb8 27. Rd1 c6 28. Na4 cxb5 29. Nb6 b4 30. axb4 axb4 31. Kf2 Nb3 32. Rb1 Nxc5 33. Rxb4 Nc6 34. Rb5 Nd3+ 35. Bxd3 Rxd3 36. Nc4 Nd8 37. h3 Rc3 38. Na5 Rc2+ 39. Kf1 Rc7 40. Kf2 Kd7 41. g4 Ke6 42. Rb6+ Kf7 43. gxf5 gxf5 44. Rb5 Kf6 45. Nb3 Ne6 46. Rb6 Rc2+ 47. Kg3 Rb2 48. h4 h6 49. h5 Ke7 50. Rxb7+ Kd6 51. Rb6+ Kd5 52. Rb5+ Kc4 53. Re5 Rxb3 54. Rxe6 Rxe3+ 55. Kg2 Rf3 56. Rc6+ Kd4 57. Rxh6 Rxf4 58. Rg6 Rh4 59. h6 f4 60. Kf2 Rh2+ 61. Kg1 Rh5 62. Kf2 Rh3 63. Kg2 Rh4 64. Kf2 Ke5 65. Ra6 Rh2+ 66. Kg1 Rh4 67. Kg2 Kf5 68. Rb6 Kg5 69. Re6 e3 70. Kf3 Rh3+ 71. Ke4 e2 72. Kd4 Re3 73. Rxe3 fxe3 74. h7 e1=Q 75. Ke4 Qa1 76. h8=Q Qxh8 77. Kxe3 Kg6 0-1


[Site "https://www.chess.com"]

[Event "Titled Tuesday Blitz January 04 2022"]
[White "Yilmaz, Mustafa"]
[Black "Jaracz, Pawel"]
[WhiteFideId "6302718"]
[BlackFideId "1102222"]
[WhiteElo "2568"]
[BlackElo "2429"]
[Result "1-0"]
[Round "03"]
[TimeControl "180+1"]
[Date "2022.01.04"]
[WhiteClock "0:02:12"]
[BlackClock "0:01:33"]

1. d4 Nf6 2. c4 e6 3. Nf3 b6 4. g3 Bb4+ 5. Bd2 Be7 6. Nc3 c6 7. e4 d5 8. cxd5 cxd5 9. e5 Ne4 10. Bd3 Bb7 11. Qe2 Nxd2 12. Qxd2 Nc6 13. O-O Rc8 14. h4 h6 15. Kg2 Na5 16. Rac1 Nc4 17. Qe2 O-O 18. Bb1 Ba6 19. Qc2 g6 20. h5 Qe8 21. Rh1 Kg7 22. Nh4 Bxh4 23. Rxh4 Rh8 24. hxg6 fxg6 25. Rch1 g5 26. Rxh6 1-0


[Site "https://www.chess.com"]

[Event "Titled Tuesday Blitz January 04 2022"]
[White "Yurovskykh, Oleksandr"]
[Black "Sorokin, Aleksey"]
[WhiteFideId "14134020"]
[BlackFideId "24176460"]
[WhiteElo "2292"]
[BlackElo "2476"]
[Result "1/2-1/2"]
[Round "03"]
[TimeControl "180+1"]
[Date "2022.01.04"]
[WhiteClock "0:00:08"]
[BlackClock "0:00:04"]

1. d4 Nf6 2. Nf3 g6 3. Bg5 Bg7 4. Nbd2 O-O 5. c3 d6 6. e4 c5 7. d5 h6 8. Bh4 e6 9. dxe6 Bxe6 10. Bc4 Bxc4 11. Bxf6 Qxf6 12. Nxc4 Qe6 13. Qd5 Qxd5 14. exd5 Rd8 15. O-O-O b5 16. Na5 Kf8 17. Rhe1 a6 18. Re2 Ra7 19. Rde1 Bf6 20. Nd2 Bg5 21. Kc2 Rad7 22. Ne4 Be7 23. f4 Rc8 24. b3 Bd8 25. Nc6 Nxc6 26. dxc6 Rxc6 27. c4 bxc4 28. bxc4 d5 29. cxd5 Rxd5 30. Nc3 Rd7 31. Re8+ Kg7 32. Rd1 Rxd1 33. Kxd1 Bc7 34. g3 g5 35. fxg5 hxg5 36. Ke2 Rh6 37. h4 gxh4 38. gxh4 Rxh4 39. Nd5 Bd6 40. Rd8 Be5 41. Re8 Bd4 42. Ra8 Rh2+ 43. Kd3 Rxa2 44. Nc7 a5 45. Nb5 a4 46. Kc4 Ra1 47. Nd6 a3 48. Kd5 a2 49. Kc6 c4 50. Nf5+ Kf6 51. Nxd4 c3 52. Kc5 Ke5 53. Nc2 Rb1 54. Kc4 a1=Q 55. Nxa1 f5 56. Kxc3 Ke4 57. Nc2 f4 58. Re8+ Kf3 59. Nd4+ Kf2 60. Rf8 Ke3 61. Re8+ Kf2 62. Kd3 Rd1+ 63. Kc4 Re1 64. Rf8 Re4 65. Kd5 Ke3 66. Nf5+ Kd3 67. Nh4 Ra4 68. Ke5 Ke3 69. Nf5+ Ke2 70. Nd4+ Ke3 71. Nf5+ Ke2 72. Ne7 f3 73. Nc6 f2 74. Nd4+ Ke3 75. Nf5+ Ke2 76. Nd4+ Rxd4 77. Kxd4 f1=Q 78. Rxf1 Kxf1 1/2-1/2


[Site "https://www.chess.com"]

[Event "Titled Tuesday Blitz January 04 2022"]
[White "Aghasiyev, Kamal"]
[Black "Lenderman, Aleksandr"]
[WhiteFideId "13402854"]
[BlackFideId "2021285"]
[WhiteElo "2210"]
[BlackElo "2651"]
[Result "1-0"]
[Round "04"]
[TimeControl "180+1"]
[Date "2022.01.04"]
[WhiteClock "0:00:24"]
[BlackClock "0:01:13"]

1. d4 e6 2. c4 b6 3. a3 Bb7 4. Nc3 f5 5. Nf3 Nf6 6. g3 Be7 7. Bg2 O-O 8. O-O Ne4 9. Qc2 Nxc3 10. Qxc3 Be4 11. Ne1 Bf6 12. f3 c5 13. Qb3 Bb7 14. d5 exd5 15. cxd5 d6 16. Nd3 Na6 17. e4 Bd4+ 18. Kh1 Nc7 19. Bd2 Ba6 20. Qc2 fxe4 21. fxe4 Qe7 22. a4 Bxd3 23. Qxd3 Bxb2 24. Rab1 Be5 25. Bh3 Rxf1+ 26. Rxf1 Rf8 27. Rxf8+ Qxf8 28. Kg2 Qf6 29. Bf5 g6 30. Bd7 Qf7 31. Bg4 h5 32. Bh3 Ne8 33. Be6 Ng7 34. Bxf7+ Kxf7 35. Qa6 1-0


[Site "https://www.chess.com"]

[Event "Titled Tuesday Blitz January 04 2022"]
[White "Araujo Sanchez, Josue"]
[Black "Sarana, Alexey"]
[WhiteFideId "6416896"]
[BlackFideId "24133795"]
[WhiteElo "2357"]
[BlackElo "2665"]
[Result "0-1"]
[Round "04"]
[TimeControl "180+1"]
[Date "2022.01.04"]
[WhiteClock "0:01:12"]
[BlackClock "0:01:24"]

1. c4 e5 2. e3 Nf6 3. a3 c6 4. Nf3 e4 5. Nd4 g6 6. Nc3 Bg7 7. b3 O-O 8. Bb2 d5 9. cxd5 cxd5 10. d3 Nc6 11. Nxc6 bxc6 12. Na4 Rb8 13. Rc1 Bg4 14. Qc2 Bf5 15. d4 h5 16. Be2 h4 17. h3 Nh7 18. O-O Ng5 19. b4 Rc8 20. Nc5 Qd6 21. Bc3 Bh6 22. Be1 Nf3+ 23. gxf3 exf3 24. Bd3 Bxh3 25. Qe2 fxe2 0-1


[Site "https://www.chess.com"]

[Event "Titled Tuesday Blitz January 04 2022"]
[White "Azadaliyev, Jahandar"]
[Black "Xiong, Jeffery"]
[WhiteFideId "13425811"]
[BlackFideId "2047640"]
[WhiteElo "1795"]
[BlackElo "2727"]
[Result "0-1"]
[Round "04"]
[TimeControl "180+1"]
[Date "2022.01.04"]
[WhiteClock "0:00:06"]
[BlackClock "0:00:10"]

1. d4 d5 2. c4 dxc4 3. e4 b5 4. a4 c6 5. axb5 cxb5 6. b3 e5 7. bxc4 Bb4+ 8. Bd2 Qxd4 9. Ra2 Bc5 10. Qf3 Bg4 11. Qe3 Qxe3+ 12. Bxe3 Bxe3 13. fxe3 Be6 14. Nc3 bxc4 15. Nd5 Bxd5 16. exd5 Nf6 17. Bxc4 Ke7 18. Nf3 Kd6 19. O-O Rc8 20. Rc1 h6 21. Nd2 a5 22. Rb1 Nbd7 23. Rb7 a4 24. Rb4 Nc5 25. Rb6+ Ke7 26. d6+ Kf8 27. Nf3 Nfd7 28. Rb5 Rab8 29. Rxb8 Rxb8 30. Nd2 Rb6 31. e4 Rxd6 32. Bd5 Nb6 33. Rb2 Nxd5 34. Nc4 Rd8 35. exd5 Rxd5 36. Rb8+ Ke7 37. Rb5 Ke6 38. Ne3 Rd3 39. Rb6+ Rd6 40. Rb5 Rc6 41. Ra5 f5 42. g3 g5 43. Kg2 f4 44. gxf4 gxf4 45. Nc2 Kd6 46. Nb4 Rb6 0-1


[Site "https://www.chess.com"]

[Event "Titled Tuesday Blitz January 04 2022"]
[White "Begmuratov, Khumoyun"]
[Black "Sanal, Vahap"]
[WhiteFideId "14210207"]
[BlackFideId "6300545"]
[WhiteElo "1961"]
[BlackElo "2603"]
[Result "0-1"]
[Round "04"]
[TimeControl "180+1"]
[Date "2022.01.04"]
[WhiteClock "0:00:03"]
[BlackClock "0:00:21"]

1. e4 e5 2. Nf3 Nc6 3. Bb5 Nf6 4. O-O Nxe4 5. d4 Nd6 6. dxe5 Nxb5 7. a4 Nbd4 8. Nxd4 d5 9. exd6 Nxd4 10. Qxd4 Qxd6 11. Qe4+ Qe6 12. Qd4 Qd6 13. Qe4+ Be7 14. Nc3 c6 15. Bf4 Qe6 16. Qd4 O-O 17. Rfe1 Bf6 18. Be5 Bxe5 19. Rxe5 Qg6 20. Qe4 Be6 21. Qxg6 hxg6 22. Rd1 Rfd8 23. Kf1 Bf5 24. Re2 Rxd1+ 25. Nxd1 Rd8 26. Ne3 Be6 27. Ke1 b5 28. a5 g5 29. Rd2 Rc8 30. b4 Kf8 31. c3 Ke7 32. Nc2 c5 33. Kd1 cxb4 34. cxb4 Bb3 35. Kc1 Rc4 36. Re2+ Kf6 37. Kb2 Bxc2 38. Rxc2 Rxb4+ 39. Ka3 Ra4+ 40. Kb3 Rxa5 41. Kb4 Ra1 42. Kxb5 g4 43. Kc4 Rg1 44. g3 Rd1 45. Ra2 Rd7 46. f3 gxf3 47. Rf2 Kg5 48. Rxf3 f5 49. Rf4 g6 50. h4+ Kf6 51. Rf1 Re7 52. Kd4 Kg7 53. g4 Re4+ 54. Kd3 Rxg4 55. h5 a5 56. hxg6 Kxg6 57. Ke3 a4 58. Kf3 Rb4 59. Ra1 Kg5 60. Rg1+ Kf6 61. Ra1 Ke5 62. Re1+ Kd4 63. Rc1 Kd3 64. Rc5 f4 65. Kf2 a3 66. Ra5 Rb3 67. Ke1 Kc2 68. Ke2 Kb2 69. Kd2 a2 70. Rc5 a1=Q 71. Rc2+ Ka3 0-1


[Site "https://www.chess.com"]

[Event "Titled Tuesday Blitz January 04 2022"]
[White "Bellahcene, Bilel"]
[Black "Hakobyan, Aram"]
[WhiteFideId "696358"]
[BlackFideId "13306677"]
[WhiteElo "2562"]
[BlackElo "2557"]
[Result "1-0"]
[Round "04"]
[TimeControl "180+1"]
[Date "2022.01.04"]
[WhiteClock "0:00:10"]
[BlackClock "0:00:02"]

1. e4 c6 2. d4 d5 3. Nc3 dxe4 4. Nxe4 Nf6 5. Ng3 h5 6. h3 h4 7. N3e2 c5 8. Nf3 Nc6 9. c3 cxd4 10. Nexd4 Bd7 11. Be2 e5 12. Nxc6 Bxc6 13. O-O Qxd1 14. Rxd1 Nd7 15. Be3 f6 16. a4 a5 17. Bb5 Rc8 18. Nd2 Bc5 19. Nc4 Ke7 20. Nxa5 Bxb5 21. axb5 Bxe3 22. fxe3 Rc7 23. Nb3 Nb6 24. Kf2 Nc4 25. Ra2 Rd8 26. Rxd8 Kxd8 27. Ke2 Ke7 28. Nd2 Nd6 29. Ra5 e4 30. Nb3 Nc4 31. Ra4 Nxb2 32. Rxe4+ Kf7 33. Rxh4 Rxc3 34. Na5 Rc2+ 35. Kf3 Rc7 36. Rd4 Ke6 37. b6 Rd7 38. Nb3 Nd3 39. Rxd3 1-0


[Site "https://www.chess.com"]

[Event "Titled Tuesday Blitz January 04 2022"]
[White "Bulmaga, Irina"]
[Black "Karacsonyi, Gellert"]
[WhiteFideId "13903063"]
[BlackFideId "764620"]
[WhiteElo "2184"]
[BlackElo "2215"]
[Result "0-1"]
[Round "04"]
[TimeControl "180+1"]
[Date "2022.01.04"]
[WhiteClock "0:00:10"]
[BlackClock "0:00:07"]

1. e4 c5 2. Be2 Nc6 3. f4 g6 4. Nf3 Bg7 5. O-O d6 6. c3 e6 7. d4 cxd4 8. cxd4 Nge7 9. Be3 d5 10. e5 Nf5 11. Bf2 h5 12. g3 Bd7 13. Nc3 a6 14. Qd2 Rc8 15. Rac1 b5 16. b3 Qb6 17. Kg2 Rc7 18. h3 Nh6 19. Ng5 O-O 20. g4 hxg4 21. hxg4 Rfc8 22. Be3 Ne7 23. Nb1 Rxc1 24. Rxc1 Rxc1 25. Qxc1 f6 26. Nh3 Nf7 27. Kf3 Qc6 28. Qxc6 Nxc6 29. Nf2 g5 30. fxg5 fxe5 31. dxe5 Nfxe5+ 32. Kg3 Nf7 33. Nd2 e5 34. g6 Nd6 35. Bc5 Nb7 36. Bb6 Be8 37. Nd1 Bxg6 38. Ne3 Bf7 39. Bf3 e4 40. Nxe4 dxe4 41. Bxe4 Be5+ 42. Kf3 Nbd8 43. Nf5 Kf8 44. g5 Bh5+ 45. Ke3 Ke8 46. Bd5 Ne7 47. Nxe7 Kxe7 48. Ke4 Bg7 49. Kf5 Nf7 50. Bc5+ Nd6+ 51. Kf4 Kd7 52. b4 Bg6 53. Bxd6 Kxd6 54. Bb7 Be5+ 55. Kg4 Bc3 56. Bxa6 Kc6 57. a3 Bb2 58. Bc8 Bxa3 59. Kf4 Bxb4 60. Ke5 Bc3+ 61. Ke6 b4 62. Bd7+ Kc5 63. Ba4 Kc4 64. Bc6 Kd4 65. Ba4 Kc4 66. Bc6 b3 67. Bd5+ Kb4 68. Bxb3 Kxb3 69. Ke7 Kc4 70. Kf8 Kd5 71. Kg8 Ke5 72. Kg7 Kf5+ 73. Kh6 Bd2 74. Kg7 Bxg5 75. Kf8 Kf6 76. Kg8 Bh6 77. Kh8 Bf7 78. Kh7 Be3 79. Kh8 Ke7 80. Kg7 Bd4+ 81. Kh6 Kf6 82. Kh7 Bg6+ 83. Kg8 Be4 84. Kf8 Bc6 85. Kg8 Bc5 86. Kh7 Bf8 87. Kg8 Bd6 88. Kh7 Bf4 89. Kg8 Kg6 90. Kf8 Bd6+ 91. Kg8 Bd5+ 92. Kh8 Be5# 0-1


[Site "https://www.chess.com"]

[Event "Titled Tuesday Blitz January 04 2022"]
[White "Coto Mederos, Michel"]
[Black "Nakamura, Hikaru"]
[WhiteFideId "3508528"]
[BlackFideId "2016192"]
[WhiteElo "2427"]
[BlackElo "2850"]
[Result "0-1"]
[Round "04"]
[TimeControl "180+1"]
[Date "2022.01.04"]
[WhiteClock "0:00:04"]
[BlackClock "0:00:28"]

1. c4 e5 2. Nc3 Nf6 3. Nf3 Nc6 4. e4 Bb4 5. d3 h6 6. a3 Bxc3+ 7. bxc3 d6 8. Be2 O-O 9. O-O Nh7 10. Be3 f5 11. exf5 Bxf5 12. Ne1 Qe7 13. Rb1 b6 14. Qd2 Rae8 15. Nc2 Nd8 16. Rbe1 Ne6 17. Nb4 Qf7 18. Bd1 Nf6 19. Nd5 Qg6 20. Bc2 Nxd5 21. cxd5 Ng5 22. Bxg5 hxg5 23. Re3 g4 24. Ba4 Re7 25. d4 Qh6 26. Qe2 Qf6 27. dxe5 dxe5 28. Re1 Bg6 29. f3 gxf3 30. Rxf3 Qd6 31. Rxf8+ Kxf8 32. Qf2+ Kg8 33. c4 Qxa3 34. Bc6 Rf7 35. Qe2 Qc5+ 36. Kh1 e4 37. Be8 Rf2 38. Qg4 Bxe8 39. Qxe4 Bf7 40. Qe5 0-1


[Site "https://www.chess.com"]